 Dungeon Crawl Stone Soup version 0.31-a0-1227-g0136665373 (webtiles) character file.

Game seed: 7216935421210442772

5548 DApurpleWHUMPUS the Ogre Mage (level 10, -1/104 HPs)
             Began as an Ogre Fire Elementalist on Dec 14, 2023.
             Was a Believer of Vehumet.
             Slain by a wolf spider zombie (7 damage)
             ... on level 8 of the Dungeon.
             The game lasted 00:32:10 (9857 turns).

DApurpleWHUMPUS the Ogre Mage (OgFE)                Turns: 9857, Time: 00:32:10

Health: -1/104     AC:  6    Str: 10 (13) XL:     10   Next: 71%
Magic:  0/23       EV: 17    Int: 20 (21) God:    Vehumet [**....]
Gold:   288        SH:  0    Dex: 22 (23) Spells: 13/28 levels left

rFire   + . .        m - staff of fire
rCold   . . .        (no shield)
rNeg    . . .        z - +1 troll leather armour {Pargi}
rPois   .            (helmet restricted)
rElec   .            b - +0 cloak of Qazlal's Hope {Int+6}
rCorr   .            (gloves unavailable)
SInv    .            (boots unavailable)
Will    +....        D - amulet of guardian spirit
Stlth   ++           B - +5 ring of evasion
HPRegen 1.17/turn    i - +6 ring of dexterity
MPRegen 0.18/turn

%: guardian spirit
@: no status effects
A: large, unfitting armour, tough skin 1, agile 1, wild magic 1, evolution 1
a: Renounce Religion


You were on level 8 of the Dungeon.
You worshipped Vehumet.
Vehumet was pleased with you.
You visited 2 branches of the dungeon, and saw 9 of its levels.
You also visited: Sewer and Bailey.

You collected 351 gold pieces.
You spent 63 gold pieces at shops.

Inventory:

Hand Weapons
 s - a +0 club
Missiles
 p - 2 throwing nets
Armour
 a - a +0 robe
 b - the +0 cloak of Qazlal's Hope (worn) {Int+6}
   (You acquired it on level 3 of the Dungeon)

   Int+6:     It affects your intelligence (+6).
 g - a +0 buckler
 n - a +0 helmet
 q - a +0 pair of gloves
 z - a +1 troll leather armour (worn) {Pargi}
Magical Staves
 m - a staff of fire (weapon)
Jewellery
 e - a ring of see invisible
 i - a +6 ring of dexterity (right hand)
 B - a +5 ring of evasion (left hand)
 D - an amulet of guardian spirit (around neck)
Wands
 A - a wand of flame (15)
Scrolls
 d - a scroll of fear
 f - 5 scrolls of identify
 j - 3 scrolls of enchant weapon
 k - 2 scrolls of brand weapon
 r - 2 scrolls of teleportation
 y - 2 scrolls of blinking
Potions
 c - 3 potions of attraction
 h - 2 potions of heal wounds
 t - a potion of lignification
 u - a potion of curing


   Skills:
 + Level 8.2 Fighting
 + Level 3.7 Armour
 + Level 4.5 Dodging
 - Level 1.4 Stealth
 + Level 9.6 Spellcasting
 + Level 6.9 Conjurations
 + Level 5.7 Fire Magic


You had 13 spell levels left.
You knew the following spells:

 Your Spells              Type           Power      Damage    Failure   Level
a - Foxfire               Conj/Fire      100%       2x1d9     1%          1
b - Scorch                Fire           100%       2d9       2%          2
c - Inner Flame           Hex/Fire       41%        N/A       13%         3
d - Volatile Blastmotes   Fire/Tloc      82%        2d16      13%         3
e - Flame Wave            Conj/Fire      62%        2d14      11%         4
f - Blink                 Tloc           24%        N/A       21%         2

Your spell library contained the following spells:

 Spells                   Type           Power      Damage    Failure   Level
 Sandblast                Erth           24%        2d8       14%         1
 Momentum Strike          Conj/Tloc      60%        3d9       6%          2
 Lesser Beckoning         Tloc           24%        N/A       21%         2
 Olgreb's Toxic Radiance  Pois           12%        N/A       75%         4
 Discord                  Hex            6%         N/A       100%        8
 Ignition                 Fire           29%        3d9       100%        8


Dungeon Overview and Level Annotations

Branches:
Dungeon (8/15)             Temple (1/1) D:6           Sewer (visited)
 Bailey (visited)
   Lair: D:8-11

Altars:
Ashenzari
Dithmenos
Elyvilon
Fedhas
Gozag
Hepliaklqana
Kikubaaqudgha
Nemelex Xobeh
Qazlal
Ru
Sif Muna
Trog
Uskayaw
Vehumet
Xom
Yredelemnul
Zin
The Shining One

Shops:
D:1 (   D:4 (   D:5 :   D:6 **   D:7 :

Annotations:
D:3 2 runed translucent doors, jejorda2's ghost, amateur GnBe


Innate Abilities, Weirdness & Mutations

You are too large for most types of armour.
You have tough skin. (AC +1)
You are agile. (Dex +4, Str/Int -1)
Your spells are a little harder to cast, but a little more powerful.
You have hidden genetic potential.


Message History

Unknown command.
Press: ? - help, v - describe, . - travel A stone staircase leading up, spattered with blood.
Unknown command.
Casting: Flame Wave (dangerous; 12% risk of failure)
Confirm with . or Enter, or press ? or * to list all spells.
You don't have enough magic to cast this spell.
Casting: Flame Wave (dangerous; 12% risk of failure)
Confirm with . or Enter, or press ? or * to list all spells.
You feel a surge of power!
You conjure some foxfire!
The meliai zombie misses you. x2; The wolf spider zombie misses you.
The wolf spider zombie bites you. The meliai zombie misses you. x2
You closely miss the meliai zombie.
The meliai zombie is almost destroyed.
The foxfire hits the wolf spider zombie.
You destroy the wolf spider zombie!
Vehumet accepts your kill.
You feel your power returning.
The foxfire hits the meliai zombie!
You destroy the meliai zombie!
Vehumet accepts your kill.
You feel your intelligence returning.
You feel your dexterity returning.
Your Fighting skill increases to level 8!
Casting: Foxfire (safe; 1% risk of failure)
Confirm with . or Enter, or press ? or * to list all spells.
You feel a surge of power!
You conjure some foxfire!
The wolf spider zombie hits you!
* * * LOW HITPOINT WARNING * * *
The wolf spider zombie bites you.
* * * LOW HITPOINT WARNING * * *
You hit the wolf spider zombie.
The wolf spider zombie is severely damaged.
The foxfire hits the wolf spider zombie.
The wolf spider zombie is severely damaged.
The foxfire hits the wolf spider zombie.
The wolf spider zombie is severely damaged.
The wolf spider zombie hits you but does no damage.
The wolf spider zombie misses you. The wolf spider zombie hits you!
* * * LOW HITPOINT WARNING * * *
The wolf spider zombie bites you!
You die...

P8.. ...8 ###
..... ..#
8....
##.#......
..#.....[
#.####.Z.)P...
#....§@#
#[...§.#
##..#..# #.
...# # .##.#
#. ... # ###


You could see a wolf spider zombie.

Vanquished Creatures
  A wolf spider zombie (D:8)
  A centaur zombie (D:8)
  A centaur skeleton (D:8)
  A hellwing (D:7)
  A meliai zombie (D:8)
  Sigmund (D:3)
  4 yaks (D:6)
  Edmund (D:5)
  2 water moccasins
  Pargi (Sewer)
  3 orc warriors (Bailey)
  A sky beast (D:6)
  3 black bears
  2 ice beasts (D:6)
  An ogre (D:7)
  A phantom (D:3)
  2 brain worms (Sewer)
  5 kobold brigands (Bailey)
  A bullfrog (D:7)
  3 scorpions
  11 killer bees
  A howler monkey (D:7)
  A hound (D:5)
  5 orc priests
  3 jellies
  Jessica (D:2)
  2 iguanas
  A mummy (D:5)
  16 gnolls
  4 adders
  A river rat (D:6)
  4 shadow imps
  2 white imps
  2 ufetubi (D:6)
  3 worms (D:2)
  4 dart slugs
  29 orcs
  9 ball pythons
  8 bats
  3 endoplasms
  6 giant cockroaches
  7 goblins
  8 hobgoblins
  10 jackals
  19 kobolds
  6 quokkas
  10 frilled lizards
  7 rats
219 creatures vanquished.

Vanquished Creatures (collateral kills)
  A foxfire (D:6)
1 creature vanquished.

Vanquished Creatures (others)
  640 foxfires
640 creatures vanquished.

Grand Total: 860 creatures vanquished

Notes
Turn   | Place    | Note
-------+----------+-------------------------------------------
     0 | D:1      | DApurpleWHUMPUS the Ogre Fire Elementalist began the quest
                  | for the Orb.
     0 | D:1      | Reached XP level 1. HP: 16/16 MP: 3/3
   180 | D:1      | Reached skill level 1 in Fighting
   180 | D:1      | Reached XP level 2. HP: 13/27 MP: 2/5
   182 | D:1      | Reached skill level 3 in Spellcasting
   428 | D:1      | Reached XP level 3. HP: 20/35 MP: 2/7
   965 | D:1      | Found Jaso's Weapon Emporium.
  1146 | D:2      | Learned a level 2 spell: Scorch
  1150 | D:2      | Learned a level 3 spell: Inner Flame
  1154 | D:2      | Learned a level 3 spell: Volatile Blastmotes
  1172 | D:2      | Noticed Jessica
  1176 | D:2      | Killed Jessica
  1177 | D:2      | Reached skill level 4 in Spellcasting
  1177 | D:2      | Reached XP level 4. HP: 44/44 MP: 7/10
  2247 | D:3      | Found a large runed translucent door.
  2248 | D:3      | Found a large runed translucent door.
  2272 | D:3      | Noticed jejorda2's ghost (amateur GnBe)
  2430 | D:3      | Noticed a phantom
  2440 | D:3      | Killed a phantom
  2441 | D:3      | Reached skill level 5 in Spellcasting
  2441 | D:3      | Reached XP level 5. HP: 49/54 MP: 1/12
  3218 | D:3      | Identified a scroll of acquirement
  3218 | D:3      | Acquired the +0 cloak of Qazlal's Hope {Int+6}
  3231 | D:3      | Reached XP level 6. HP: 26/62 MP: 0/14
  3507 | D:3      | Noticed Sigmund
  3512 | D:3      | Killed Sigmund
  3513 | D:3      | Reached skill level 6 in Spellcasting
  3745 | D:3      | Reached skill level 5 in Fighting
  3745 | D:3      | Reached XP level 7. HP: 59/72 MP: 9/17
  4198 | D:4      | Reached skill level 7 in Spellcasting
  4540 | D:4      | Found Zuri Olur's Firing Range.
  5447 | D:5      | Entered Level 5 of the Dungeon
  5566 | D:5      | Reached skill level 8 in Spellcasting
  5568 | D:5      | Reached XP level 8. HP: 84/84 MP: 13/20
  5587 | D:5      | HP: 6/126 [poisoned by a killer bee]
  5954 | D:5      | Reached skill level 9 in Spellcasting
  5959 | D:5      | Learned a level 4 spell: Flame Wave
  6038 | D:5      | Found a glowing golden altar of the Shining One.
  6061 | D:5      | Noticed Edmund
  6077 | D:5      | Killed Edmund
  6104 | D:5      | Identified the +5 scale mail of Xota {rF- Str+3 Dex+4}
  6351 | D:5      | Found Ununkoin's Tremendous Tomes.
  6585 | D:6      | Reached skill level 5 in Fire Magic
  6715 | D:6      | Reached skill level 1 in Conjurations
  6792 | D:6      | Found a staircase to the Ecumenical Temple.
  6826 | D:6      | Reached XP level 9. HP: 93/93 MP: 13/22
  6837 | Temple   | Entered the Ecumenical Temple
  6863 | Temple   | Became a worshipper of Vehumet
  7019 | D:6      | Reached skill level 5 in Conjurations
  7061 | D:6      | Found Xaukk's Assorted Antiques.
  7083 | D:6      | Found a glowing drain.
  7102 | Sewer    | Entered a sewer
  7299 | Sewer    | Noticed Pargi
  7306 | Sewer    | Killed Pargi
  7618 | D:6      | Found a blossoming altar of Fedhas.
  7627 | D:6      | Reached * piety under Vehumet
  7627 | D:6      | Offered knowledge of Kiss of Death by Vehumet.
  7631 | D:6      | Found a stormy altar of Qazlal.
  7695 | D:6      | Found Ubbaxeiw's CLEARANCE SALE!.
  7704 | D:6      | Bought a book of Spatial Translocations for 54 gold pieces
  7704 | D:6      | Bought a scroll of teleportation for 9 gold pieces
  7784 | D:6      | Learned a level 2 spell: Blink
  7991 | D:6      | Found an opulent altar of Gozag.
  8253 | D:7      | Reached skill level 1 in Armour
  8433 | D:7      | Found Ehajotzi's Self-Published Books.
  8599 | D:7      | Reached XP level 10. HP: 93/102 MP: 6/23
  8745 | D:7      | Found a flagged portal.
  8776 | Bailey   | Entered a bailey
  8809 | Bailey   | Reached ** piety under Vehumet
  8809 | Bailey   | Offered knowledge of Sandblast by Vehumet.
  9206 | Bailey   | Found a burning altar of Makhleb.
  9214 | Bailey   | Identified the +6 trident "Tuthityu" {speed, Fly rF+ rC-
                  | Dex+2}
  9231 | Bailey   | Identified the +0 plate armour of Xuerhan {*Corrode rPois
                  | Slay+5}
  9544 | D:7      | Gained mutation: Your spells are a little harder to cast,
                  | but a little more powerful. [potion of mutation]
  9544 | D:7      | Gained mutation: You have hidden genetic potential. [potion
                  | of mutation]
  9544 | D:7      | Gained mutation: You are agile. (Dex +4, Str/Int -1)
                  | [potion of mutation]
  9857 | D:8      | Slain by a wolf spider zombie

Illustrated notes

Levels and vault maps discovered:
D:1:      dpeg_arrival_simpleton_c, layout_rooms, serial_shops,
          nicolae_shop_hallway_stairs
D:2:      layout_rooms, kennysheep_generic_room_15, uniq_jessica
D:3:      layout_loops_corners, ebering_ghost_disaster_area,
          kennysheep_small_spiral, uniq_sigmund
D:4:      layout_basic, minmay_splitting_lines, nicolae_shop_firing_range
D:5:      layout_cave_pools, mainiacjoe_overflow_cross_hatched,
          gup_ossuary_entry_pyramid, chequers_avenue,
          nicolae_shop_i_like_big_books, uniq_edmund
D:6:      dreamdust_elfheim, layout_loops_ring,
          grunt_temple_overflow_forces_of_nature, grunt_gozag_statues,
          minmay_temple_entry_sparse_star, cheibrodos_sewer_entry_sluice,
          serial_shops, shop, nicolae_shop_clearance
D:7:      layout_gridville, enter_bailey_2, nicolae_custom_books,
          serial_park_tiny_2, chequers_serial_rivers_micro_d
D:8:      cheibrodos_grave_circle, layout_basic, mainiacjoe_overflow_alcove_1,
          minmay_ruffians, uniq_psyche
Temple:   eino_narrow_crystal_temple

Skill      XL: |  1  2  3  4  5  6  7  8  9 10 |
---------------+-------------------------------+-----
Fighting       | 1 2 3 4 5 6 7 8 |  8.2
Spellcasting   | 3 4 5 6 8 9 |  9.6
Fire Magic     | 5 |  5.7
Conjurations   | 2 6 |  6.9
Dodging        | 3 4 |  4.5
Armour         | 2 3 |  3.7
Stealth        | |  1.4

Action                     |  1- 3 |  4- 6 |  7- 9 | 10-12 || total
---------------------------+-------+-------+-------+-------++-------
  Melee: Unarmed           |    29 |    22 |       |       ||    51
         Punch             |     1 |     2 |       |     1 ||     4
         Staff             |       |    56 |    24 |    30 ||   110
   Cast: Foxfire           |    64 |   115 |   174 |    46 ||   399
         Scorch            |       |    13 |    63 |    26 ||   102
         Volatile Blastmot |       |     1 |    15 |     1 ||    17
         Inner Flame       |       |     1 |       |     2 ||     3
         Blink             |       |       |     2 |       ||     2
         Flame Wave        |       |       |       |     5 ||     5
    Use: Potion            |     3 |     5 |     2 |     6 ||    16
         Scroll            |     2 |     1 |     8 |     2 ||    13
 Armour: Robe              |    61 |    81 |    86 |       ||   228
         Skin              |       |     9 |    22 |       ||    31
         Troll leather arm |       |       |    10 |   101 ||   111
  Dodge: Dodged            |    34 |    69 |    60 |   108 ||   271

Table legend: (Time is in decaauts)
 A = Elapsed time spent in this place.
 B = Non-inter-level travel time spent in this place.
 C = Inter-level travel time spent in this place.
 D = Time resting spent in this place.
 E = Time spent auto-exploring this place.
 F = Levels seen in this place.
 G = Mean time per level.
                   A        B        C        D        E       F      G
               +--------+--------+--------+--------+--------+-----+--------+
         Total |   9865 |   9560 |    305 |   1985 |   5799 |  11 |  896.8 |
       Dungeon |   8815 |   8510 |    305 |   1510 |   5582 |   8 | 1101.9 |
        Temple |    143 |    143 |      0 |    108 |      0 |   1 |  143.0 |
         Sewer |    413 |    413 |      0 |    151 |    167 |   1 |  413.0 |
        Bailey |    493 |    493 |      0 |    216 |     50 |   1 |  493.0 |
               +--------+--------+--------+--------+--------+-----+--------+

Top non-repeatable levels by time:
     D:3: 2193 daAuts
     D:4: 1347 daAuts
     D:7: 1180 daAuts
     D:1: 1137 daAuts
     D:5: 1105 daAuts
     D:6: 1044 daAuts
     D:2: 779 daAuts
  Bailey: 493 daAuts
   Sewer: 413 daAuts
  Temple: 143 daAuts
     D:8: 27 daAuts
